 Dungeon Crawl Stone Soup version 0.29.1-2-gbd0b4ee654 (webtiles) character file.

Game seed: 4264588870424681411

537619 TowerOfEmptiness the Slayer (level 24, -9/218 HPs)
             Began as a Minotaur Fighter on Nov 19, 2022.
             Was the Champion of Okawaru.
             Killed from afar by an orb of fire (26 damage)
             ... with a fireball
             ... on level 5 of the Realm of Zot on Nov 20, 2022.
             The game lasted 03:32:02 (62313 turns).

TowerOfEmptiness the Slayer (Minotaur Fighter)     Turns: 62313, Time: 03:32:03

Health: -9/218     AC: 55    Str: 36 (39) XL:     24   Next: 63%
Magic:  11/11      EV: 10    Int:  1 (5)  God:    Okawaru [******]
Gold:   3193       SH: 29    Dex:  9 (11) Spells: 23/23 levels left

rFire   + + .      SeeInvis +   W - +18 lance "Wyrmbane" {slay drac, rPois rF+ rC+ AC+3}
rCold   + + +      Faith    .   q - +6 tower shield of Ozualeb {rPois rN+}
rNeg    + + +      Spirit   .   G - +10 crystal plate armour of the Transmuting Gods {rC+ Str+2}
rPois   +          Reflect  .   U - +1 hat of Incorporation {rPois Str+5 SInv}
rElec   .          Harm     .   J - +2 cloak {rCorr}
rCorr   +          Rampage  .   I - +0 pair of gloves "Wuco" {-Cast Will+++ Slay+4}
Will    +++++      Rage     9%  L - +2 pair of boots "Ziesar" {rF+ rC+ rN+ Str+2}
Stlth   .......... NoCast   +   Y - amulet "Gorosoch" {rN+ Will+ Regen+ MP-9}
HPRegen 1.26/turn               (no ring)
MPRegen 0.12/turn               j - +4 ring of slaying

@: heroic, finesse-ful, hasted and slowed, lost intelligence, studying Stealth,
unable to read
A: horns 2, retaliatory headbutt, berserk 2, clumsy 1, deterioration 2, frail 1,
low MP 3, no potion heal 2, subdued magic 1, inability to drink after injury 1
}: 3/15 runes: decaying, silver, gossamer
a: Renounce Religion, Heroism, Finesse, Duel


You were on level 5 of the Realm of Zot.
You worshipped Okawaru.
Okawaru was exalted by your worship.
You visited 9 branches of the dungeon, and saw 45 of its levels.
You visited 2 bazaars.
You also visited: Sewer and Ice Cave.

You collected 7563 gold pieces.
You spent 4370 gold pieces at shops.

Inventory:

Hand Weapons
 l - a +7 broad axe of flaming
 W - the +18 lance "Wyrmbane" (weapon) {slay drac, rPois rF+ rC+ AC+3}
   (You found it on level 4 of the Spider Nest)

   It inflicts extra damage against dragons and draconians.
   AC:        It affects your AC (+3).
   rF:        It protects you from fire.
   rC:        It protects you from cold.
   rPois:     It protects you from poison.
Missiles
 b - 40 atropa-tipped darts
 k - 24 boomerangs (quivered)
 o - 4 throwing nets
 v - 19 javelins
 y - 69 poisoned darts
 D - 14 curare-tipped darts
 T - 6 silver javelins
 Z - 11 boomerangs of dispersal
Armour
 q - the +6 tower shield of Ozualeb (worn) {rPois rN+}
   (You acquired it on level 2 of the Orcish Mines)

   rPois:     It protects you from poison.
   rN:        It protects you from negative energy.
 G - the +10 crystal plate armour of the Transmuting Gods (worn) {rC+ Str+2}
   (Okawaru gifted it to you on level 12 of the Dungeon)

   Str:       It affects your strength (+2).
   rC:        It protects you from cold.
 I - the +0 pair of gloves "Wuco" (worn) {-Cast Will+++ Slay+4}
   (Okawaru gifted it to you on level 4 of the Vaults)

   Slay:      It affects your accuracy & damage with ranged weapons and melee
   (+4).
   -Cast:     It prevents spellcasting.
   Will:      It greatly increases your willpower.
 J - a +2 cloak of preservation (worn)
 L - the +2 pair of boots "Ziesar" (worn) {rF+ rC+ rN+ Str+2}
   (Okawaru gifted it to you on level 2 of the Lair of Beasts)

   Str:       It affects your strength (+2).
   rF:        It protects you from fire.
   rC:        It protects you from cold.
   rN:        It protects you from negative energy.
 U - the +1 hat of Incorporation (worn) {rPois Str+5 SInv}
   (Okawaru gifted it to you on level 1 of the Vaults)

   Str:       It affects your strength (+5).
   rPois:     It protects you from poison.
   SInv:      It lets you see invisible.
Jewellery
 a - the ring of Conflict {rElec rPois rC+ Will+ Int-3}
   (You bought it in a shop on level 4 of the Dungeon)

   [ring of poison resistance]

   Int:       It affects your intelligence (-3).
   rC:        It protects you from cold.
   rElec:     It insulates you from electricity.
   rPois:     It protects you from poison.
   Will:      It increases your willpower.
 f - a ring of positive energy
 j - a +4 ring of slaying (right hand)
 s - the ring of Kacsariel {rF+ Will+++ rCorr Int-2 Dex+3}
   (You took it off an ogre mage on level 5 of the Vaults)

   [ring of protection from fire]

   Int:       It affects your intelligence (-2).
   Dex:       It affects your dexterity (+3).
   rF:        It protects you from fire.
   rCorr:     It protects you from acid and corrosion.
   Will:      It greatly increases your willpower.
 u - an amulet of reflection
 x - a ring of flight
 P - the macabre finger necklace {rN+}
   (You found it on level 9 of the Dungeon)

   [amulet of nothing]

   It enables you to equip an extra ring.
   rN:        It protects you from negative energy.
 Q - a ring of protection from fire
 Y - the amulet "Gorosoch" (around neck) {rN+ Will+ Regen+ MP-9}
   (You found it on level 3 of the Depths)

   [amulet of regeneration]

   rN:        It protects you from negative energy.
   MP:        It affects your magic capacity (-9).
   Regen:     It increases your rate of health regeneration.
   Will:      It increases your willpower.
Wands
 z - a wand of flame (114)
 F - a wand of iceblast (67)
 H - a wand of mindburst (8)
 O - a wand of quicksilver (8)
 R - a wand of digging (13)
 V - a wand of polymorph (21)
Scrolls
 g - 30 scrolls of teleportation
 i - 5 scrolls of immolation
 m - 8 scrolls of fog
 n - 5 scrolls of silence
 A - a scroll of magic mapping
 B - 7 scrolls of blinking
 C - 6 scrolls of fear
 E - 7 scrolls of poison
Potions
 c - 12 potions of heal wounds
 d - 3 potions of magic
 e - 7 potions of cancellation
 p - 10 potions of haste
 t - 4 potions of berserk rage
 w - 2 potions of flight
 K - 32 potions of curing
 N - 10 potions of might
 S - 11 potions of ambrosia
 X - 4 potions of resistance
Miscellaneous
 h - a lightning rod (4/4)
 r - a condenser vane
 M - a tin of tremorstones (2/2)


   Skills:
 + Level 25.3(27) Fighting
 + Level 24.9(27) Axes
 - Level 10.0(15.0) Throwing
 + Level 25.3(27) Armour
 + Level 25.3(27) Shields
 - Level 10.0 Invocations
 - Level 10.0 Evocations


You had 23 spell levels left.
You didn't know any spells.
Your spell library contained the following spells:

 Spells                   Type           Power      Damage    Failure   Level
 Sandblast                Erth           0%         2d4       95%         1
 Sting                    Tmut/Pois      0%         1d3       95%         1
 Blink                    Tloc           0%         N/A       99%         2
 Ensorcelled Hibernation  Hex/Ice        0%         N/A       99%         2
 Passwall                 Tmut/Erth      0%         N/A       99%         2
 Poisonous Vapours        Pois/Air       0%         N/A       99%         2
 Scorch                   Fire           0%         2d5       99%         2
 Searing Ray              Conj           0%         2d4       99%         2
 Wereblood                Tmut           0%         N/A       99%         2
 Confusing Touch          Hex            0%         N/A       100%        3
 Conjure Flame            Conj/Fire      0%         6-21      100%        3
 Dazzling Flash           Conj/Hex       0%         N/A       100%        3
 Frozen Ramparts          Ice            0%         1d1       100%        3
 Gell's Gravitas          Tloc           0%         N/A       100%        3
 Ignite Poison            Fire/Tmut/Pois 0%         N/A       100%        3
 Lesser Beckoning         Tloc           0%         N/A       100%        3
 Mephitic Cloud           Conj/Pois/Air  0%         N/A       100%        3
 Portal Projectile        Hex/Tloc       0%         N/A       100%        3
 Spider Form              Tmut/Pois      0%         N/A       100%        3
 Stone Arrow              Conj/Erth      0%         3d7       100%        3
 Teleport Other           Tloc           0%         N/A       100%        3
 Anguish                  Hex/Necr       0%         N/A       100%        4
 Corpse Rot               Necr/Pois/Air  0%         N/A       100%        4
 Dispel Undead            Necr           0%         3d6       100%        4
 Flame Wave               Conj/Fire      0%         2d4       100%        4
 Ice Form                 Ice/Tmut       0%         N/A       100%        4
 Iskenderun's Mystic Bla  Conj/Tloc      0%         2d3       100%        4
 Leda's Liquefaction      Hex/Erth       0%         N/A       100%        4
 Olgreb's Toxic Radiance  Pois           0%         N/A       100%        4
 Passage of Golubria      Tloc           0%         N/A       100%        4
 Sticky Flame             Conj/Fire      0%         2d3       100%        4
 Agony                    Necr           0%         N/A       100%        5
 Blade Hands              Tmut           0%         N/A       100%        5
 Borgnjor's Vile Clutch   Necr/Erth      0%         N/A       100%        5
 Freezing Cloud           Conj/Ice/Air   0%         6-21      100%        5
 Irradiate                Conj/Tmut      0%         3d11      100%        5
 Manifold Assault         Tloc           0%         N/A       100%        5
 Silence                  Hex/Air        0%         N/A       100%        5
 Yara's Violent Unravell  Hex/Tmut       0%         3d3       100%        5
 Starburst                Conj/Fire      0%         6d3       100%        6
 Statue Form              Tmut/Erth      0%         N/A       100%        6
 Dragon Form              Tmut           0%         N/A       100%        7
 Enfeeble                 Hex            0%         N/A       100%        7
 Storm Form               Tmut/Air       0%         N/A       100%        7
 Lehudib's Crystal Spear  Conj/Erth      0%         10d2      100%        8
 Necromutation            Tmut/Necr      0%         N/A       100%        8
 Call Canine Familiar     Summ           Unusable   N/A       N/A         3
 Summon Guardian Golem    Hex/Summ       Unusable   N/A       N/A         3
 Animate Armour           Summ/Erth      Unusable   N/A       N/A         4
 Animate Dead             Necr           Unusable   N/A       N/A         4
 Summon Ice Beast         Ice/Summ       Unusable   N/A       N/A         4
 Death Channel            Necr           Unusable   N/A       N/A         6
 Summon Cactus Giant      Summ           Unusable   N/A       N/A         6
 Malign Gateway           Summ/Tloc      Unusable   N/A       N/A         7
 Summon Horrible Things   Summ           Unusable   N/A       N/A         8

Dungeon Overview and Level Annotations

Branches:
Dungeon (15/15)            Temple (1/1) D:7            Lair (5/5) D:11
  Swamp (4/4) Lair:3       Spider (4/4) Lair:3        Slime (0/5) Lair:4
    Orc (2/2) D:10            Elf (0/3) Orc:2        Vaults (5/5) D:13
  Crypt (0/3) Vaults:2     Depths (4/4) D:15            Zot (5/5) Depths:4
  Sewer (visited)           IceCv (visited)

Altars:
Ashenzari
Cheibriados
Dithmenos
Elyvilon
Fedhas
Gozag
Hepliaklqana
Kikubaaqudgha
Makhleb
Nemelex Xobeh
Okawaru
Qazlal
Ru
Sif Muna
Trog
Uskayaw
Vehumet
Wu Jian
Xom
Yredelemnul
Zin
The Shining One
Jiyva
Lugonu

Shops:
D:4 ?[=   D:7 :   Orc:1 (   Orc:2 ?:*:**[?!   Vaults:5 (   Depths:2 ?
Depths:4 (?

Portals:
Hell: Depths:1 Depths:2 Depths:3 Depths:4
Abyss: Lair:5 Depths:1 Depths:2 Depths:3
Pandemonium: Depths:2 Depths:4
Ziggurat: Depths:4
Trove: D:13 (give 17 potions of curing)

Annotations:
Depths:3 1 runed translucent door


Innate Abilities, Weirdness & Mutations

You have a pair of horns on your head.
You reflexively headbutt those who attack you in melee.
You have an uncontrollable temper.
You are clumsy. (Dex -2)
Your body often deteriorates upon taking damage.
You are frail. (-10% HP)
Your magical capacity is extremely low. (-30% MP)
Potions cannot restore your health.
Your spells are a little easier to cast, but a little less powerful.
You occasionally lose the ability to drink potions when taking damage.


Message History

The fireball engulfs the orb of fire.
The orb of fire completely resists.
The ancient lich gestures wildly while chanting.
The ancient lich flickers and vanishes for a moment.
The orb of fire glows red.
Strange energies course through your body.
You feel less energetic.
The orb of fire glows deep purple.
The bolt of fire hits you! You resist.
* * * LOW HITPOINT WARNING * * *
The orb of fire emits a lurid red light.
The bolt of fire hits you. You resist.
* * * LOW HITPOINT WARNING * * *
The orb of fire glows deep purple.
Strange energies course through your body.
You feel less energetic.
The orb of fire glows yellow.
The bolt of fire hits you. You resist.
* * * LOW HITPOINT WARNING * * *
The orb of fire emits a lurid red light.
The fireball explodes!
The fireball engulfs the orb of fire.
The orb of fire completely resists.
The fireball engulfs the orb of fire.
The orb of fire completely resists.
The fireball engulfs you! You resist.
* * * LOW HITPOINT WARNING * * *
The dread lich gestures wildly while chanting.
The dread lich flickers and vanishes for a moment.
The orb of fire glows bright magenta.
The fireball explodes!
The fireball engulfs you! You resist.
* * * LOW HITPOINT WARNING * * *
The fireball engulfs the orb of fire.
The orb of fire completely resists.
The fireball engulfs the orb of fire.
The orb of fire completely resists.
Okay, then.
You remove the ring of Kacsariel {rF+ Will+++ rCorr Int-2 Dex+3}.
The orb of fire emits a lurid red light.
The fireball explodes!
The fireball engulfs the orb of fire.
The orb of fire completely resists.
The fireball engulfs you! You resist.
* * * LOW HITPOINT WARNING * * *
The fireball engulfs the orb of fire.
The orb of fire completely resists.
The orb of fire glows deep purple.
The fireball explodes!
The fireball engulfs you!! You resist.
You die...

,,,,,**** *▓▓▓... ,,,,,...▓**
##▓..^... ,,,,,....,** ##........
,,,,,.....,* ▓▓▓▓▓▓▓▓▓ #..^......
,,,,^.....p*▓▓.......▓▓▓.........
,,,,,....yy▓▓.........▓▓.........
,,,,,....p.▓..^........▓.........
,,,,,...yX*XL..*.0^..............
,,,,,,,,y,X▓L*.*@......▓.........
,,,,,,,,,,,▓▓.........▓▓........^
,,,,,,,,,,,*▓▓....^..▓▓▓../......
,,,,,,,,,,,* ▓▓▓▓▓▓▓▓▓ ▓.....^...
,^,,,,,,,^** ▓▓........
,,,,,,,,*** ▓▓▓...... ,,,,,****
▓▓▓▓... ****** ▓▓▓▓


You could see 4 orbs of fire, a Killer Klown, an ancient lich (fast, invisible),
a dread lich (fast, invisible) and 2 Orb Guardians.

Vanquished Creatures
  3 orbs of fire
  5 ancient liches
  A juggernaut (shapeshifter) (Depths:2)
  A juggernaut (Depths:4)
  the Lernaean hydra (Swamp:4)
  A shard shrike (IceCv)
  5 Killer Klowns
  6 golden dragons
  3 curse toes
  The ghost of Imio the Warrior, an adept DgCj (Depths:3)
  Arachne (Spider:2)
  A bone dragon (Depths:4)
  An electric golem (Zot:1)
  Jorgrun (D:14)
  22 tentacled monstrosities
  Asterion (Vaults:3)
  20 Orb Guardians (Zot:5)
  5 quicksilver dragons
  7 sphinxes
  8 death cobs
  12 shadow dragons
  8 tengu reavers
  Kirke (Lair:2)
  18 storm dragons
  Roxanne (Spider:2)
  6 draconian knights
  5 draconian monks
  4 draconian scorchers
  26 vault wardens
  6 fire giants
  9 frost giants
  3 emperor scorpions
  An orc warlord (Orc:2)
  An iron dragon (Depths:3)
  2 deep elf sorcerers (Vaults:5)
  2 draconian stormcallers
  4 ghost moths
  Louise (Swamp:1)
  33 very ugly things
  4 draconian annihilators (Zot:4)
  A spriggan defender (Depths:3)
  6 broodmothers
  2 ghouls (Vaults:2)
  16 ironbound preservers
  2 draconian shifters
  Aizul (Spider:1)
  2 vampire knights (Depths:3)
  11 stone giants
  8 ironbound thunderhulks
  9 entropy weavers
  A deep elf demonologist (Depths:2)
  5 eleionomae
  6 black draconians
  2 deep elf annihilators (Vaults:5)
  9 green draconians
  An entropy weaver (shapeshifter) (Vaults:5)
  7 white draconians
  Azrael (D:15)
  8 purple draconians
  6 red draconians
  7 dire elephants
  A spectral titan (Depths:3)
  5 bunyips
  3 spark wasps
  8 yellow draconians
  The ghost of Frank the Cleaver, a journeyman DgFi (D:13)
  A minotaur (shapeshifter) (D:9)
  A crystal guardian (Vaults:1)
  A jiangshi (Vaults:2)
  8 fire dragons
  The ghost of Firos the Devastator, a journeyman DECj of Vehumet (Lair:4)
  10 ettins
  10 yaktaur captains
  A deep elf high priest (Vaults:5)
  4 great orbs of eyes
  A deep elf death mage (Vaults:2)
  A spectral shadow dragon (Depths:3)
  A spectral spriggan (Depths:3)
  A rakshasa (Depths:1)
  20 hydras
  2 jorogumos
  9 ice dragons
  A spectral tengu (Depths:3)
  A peacekeeper (Vaults:1)
  3 ogre magi
  9 centaur warriors
  2 spriggan air magi
  7 boulder beetles
  45 vault guards
  3 juggernaut simulacra (Depths:3)
  A radroach (Spider:3)
  14 ironbound frosthearts
  5 deep troll shamans
  9 two-headed ogres
  4 catoblepae
  11 alligators
  A vampire mage (Depths:2)
  A death yak (shapeshifter) (Vaults:5)
  11 tengu warriors
  An orc high priest (Orc:2)
  4 thrashing horrors (Lair:5)
  6 death yaks (Lair:5)
  3 spriggan berserkers
  10 deep troll earth magi
  11 iron trolls
  Nergalle (Orc:1)
  A titan skeleton (Depths:2)
  8 hell knights
  A sun demon (Depths:3)
  3 skeletal warriors (D:15)
  2 death drakes (Swamp:4)
  6 pharaoh ants
  A goliath frog (Swamp:4)
  An orb spider (shapeshifter) (D:14)
  9 steelbarb worms
  Lodul (D:13)
  A sun moth (Spider:2)
  A spectral iron dragon (Depths:3)
  A glowing orange brain (shapeshifter) (D:14)
  56 deep trolls
  14 orb spiders
  5 glowing orange brains
  2 bog bodies
  25 lindwurms
  A steelbarb worm (shapeshifter) (Vaults:5)
  3 spriggan simulacra (Depths:3)
  18 swamp dragons
  3 spriggan druids
  12 orc knights
  11 wizards
  17 ironbound convokers
  4 phantasmal warriors
  An obsidian statue (Depths:2)
  An orange crystal statue (IceCv)
  Pikel (D:8)
  An iron dragon zombie (Depths:2)
  A fire giant zombie (Depths:3)
  7 harpies
  5 necromancers
  3 deep elf pyromancers
  18 wolf spiders
  A will-o-the-wisp (Swamp:1)
  2 deep elf zephyrmancers (D:15)
  A salamander (shapeshifter) (Depths:3)
  A sphinx skeleton (Depths:1)
  2 orc sorcerers (Orc:2)
  49 ugly things
  3 large abominations (Lair:5)
  Joseph (D:8)
  4 manticores
  8 cyclopes
  27 moths of wrath
  15 elephants
  A shadow dragon skeleton (Depths:3)
  A naga mage (D:15)
  2 black mambas (Lair:5)
  Maurice (D:9)
  2 smoke demons (Lair:5)
  Maggie (D:8)
  19 vault sentinels
  An ice statue (D:15)
  A gargoyle (D:13)
  7 cane toads
  6 komodo dragons
  A storm dragon simulacrum (Depths:3)
  3 centaur skeletons (D:15)
  4 torpor snails
  An unseen horror (D:12)
  A freezing wraith (D:15)
  A komodo dragon (shapeshifter) (Lair:5)
  An efreet (D:9)
  22 yaktaurs
  11 rime drakes (IceCv)
  6 demonic crawlers
  2 kobold demonologists
  5 tengu conjurers
  3 ancient zymes (Lair:5)
  6 tyrant leeches
  14 trolls
  20 polar bears (IceCv)
  8 meliai
  A hornet (shapeshifter) (Vaults:5)
  3 tengu simulacra
  6 hornets
  24 slime creatures
  7 saltlings (Orc:2)
  30 tarantellas
  15 blink frogs
  A fire giant simulacrum (Depths:1)
  2 jumping spiders (shapeshifter)
  An ettin zombie (Depths:1)
  Sigmund (D:4)
  9 spriggans
  22 jumping spiders
  20 culicivoras
  2 shadows (D:10)
  3 wraiths
  6 wyverns
  2 fire elementals (D:15)
  A basilisk (shapeshifter) (Lair:5)
  26 yaks
  A chaos spawn (Lair:5)
  13 vampire mosquitoes
  5 basilisks (Lair:5)
  4 hogs
  A human (Lair:3)
  60 redbacks
  2 steam dragons
  Menkaure (D:4)
  Edmund (D:6)
  5 wargs
  17 swamp worms
  The ghost of t4s4d4r the Digger, an amateur OpEE (D:3)
  3 hell hounds (D:15)
  18 orc warriors
  12 water moccasins
  A human skeleton (Depths:1)
  An ice beast (D:7)
  A black bear (shapeshifter) (Lair:5)
  5 black bears
  13 swamp drakes
  19 ogres
  3 wolves
  3 boggarts (Vaults:1)
  4 centaurs (D:13)
  7 kobold brigands
  A phantom (D:5)
  Blork the orc (D:4)
  8 bullfrogs
  A glowing shapeshifter simulacrum (Depths:3)
  A necrophage (D:6)
  A scorpion (Lair:1)
  12 small abominations (Lair:5)
  4 wights (D:9)
  4 troll zombies (D:10)
  3 killer bees (D:7)
  A vampire bat (Orc:1)
  3 electric eels
  2 howler monkeys
  3 crimson imps (Depths:1)
  5 hounds
  11 orc priests
  Ijyb (D:4)
  2 iguanas
  Natasha (thrice) (D:4)
  21 orc wizards
  4 ogre zombies (D:10)
  A river rat (D:5)
  6 adders
  3 shadow imps
  3 white imps
  An ufetubus (D:6)
  A dart slug (D:4)
  A worm (Sewer)
  52 orcs
  10 endoplasms
  4 giant cockroaches
  7 goblins
  7 hobgoblins
  6 jackals (D:3)
  5 quokkas
  A ball python (shapeshifter) (Vaults:5)
  12 ball pythons
  20 bats
  A bat (shapeshifter) (Vaults:5)
  5 frilled lizards
  A goblin skeleton (D:10)
  3 goblin zombies (D:10)
  A hobgoblin skeleton (D:10)
  2 hobgoblin zombies (D:10)
  22 kobolds
  4 orc skeletons (D:10)
  14 orc zombies (D:10)
  10 rats
  3 pillars of salt (Orc:2)
1797 creatures vanquished.

Vanquished Creatures (others)
  A fire giant (Depths:3)
  A draconian knight (Zot:4)
  A skeletal warrior (D:15)
  A deep elf pyromancer (D:15)
  An orc warrior (Vaults:4)
  An ogre (D:14)
  An orc (D:10)
  6 foxfires (Swamp:1)
  27 fungi
  A pillar of salt (Orc:2)
  32 plants
73 creatures vanquished.

Grand Total: 1870 creatures vanquished

Notes
Turn   | Place    | Note
-------+----------+-------------------------------------------
     0 | D:1      | TowerOfEmptiness the Minotaur Fighter began the quest for
                  | the Orb.
     0 | D:1      | Reached XP level 1. HP: 19/19 MP: 0/0
   167 | D:1      | Reached XP level 2. HP: 14/27 MP: 1/1
   960 | D:2      | Reached XP level 3. HP: 33/33 MP: 2/2
  1472 | D:3      | Noticed t4s4d4r's ghost (amateur OpEE)
  1485 | D:3      | Found a runed translucent door.
  1505 | D:3      | Identified the +4 scale mail "Javued" {Fly Int+2}
  1566 | D:3      | Reached XP level 4. HP: 33/40 MP: 3/3
  1945 | D:3      | Found a radiant altar of Vehumet.
  2162 | D:3      | Killed t4s4d4r's ghost
  2163 | D:3      | Reached XP level 5. HP: 28/47 MP: 4/4
  2318 | D:4      | Reached skill level 5 in Axes
  2318 | D:4      | Noticed Blork the orc
  2329 | D:4      | Killed Blork the orc
  2330 | D:4      | Reached skill level 5 in Armour
  2330 | D:4      | Reached XP level 6. HP: 41/55 MP: 5/5
  2435 | D:4      | Found a blossoming altar of Fedhas.
  2452 | D:4      | Reached skill level 5 in Fighting
  2452 | D:4      | Reached skill level 5 in Shields
  2465 | D:4      | Found Didgh's Jewellery Shoppe.
  2544 | D:4      | Found Saxedi's Armour Emporium.
  2550 | D:4      | Noticed Menkaure
  2557 | D:4      | Killed Menkaure
  2623 | D:4      | Noticed Ijyb
  2624 | D:4      | Noticed Sigmund
  2631 | D:5      | Entered Level 5 of the Dungeon
  2794 | D:5      | Found a glowing drain.
  2814 | Sewer    | Entered a sewer
  2875 | Sewer    | Reached XP level 7. HP: 61/61 MP: 6/6
  3776 | D:5      | Reached XP level 8. HP: 45/70 MP: 7/7
  3917 | D:5      | Found a bloodstained altar of Trog.
  4212 | D:4      | Noticed Natasha
  4218 | D:4      | Killed Natasha
  4221 | D:4      | Noticed Natasha
  4229 | D:4      | Killed Natasha
  4322 | D:4      | Noticed Natasha
  4325 | D:4      | Killed Sigmund
  4329 | D:4      | Killed Natasha
  4381 | D:4      | Killed Ijyb
  4548 | D:4      | Found a hazy altar of Hepliaklqana.
  4590 | D:4      | Found Ilocsiewn's Magic Scroll Boutique.
  4595 | D:4      | Bought a scroll of teleportation for 42 gold pieces
  4595 | D:4      | Bought a scroll of identify for 28 gold pieces
  4887 | D:6      | Noticed Edmund
  4897 | D:6      | Killed Edmund
  5599 | D:6      | Reached XP level 9. HP: 34/79 MP: 8/8
  6318 | D:6      | Found a snail-covered altar of Cheibriados.
  6407 | D:7      | Found a staircase to the Ecumenical Temple.
  6426 | Temple   | Entered the Ecumenical Temple
  6431 | Temple   | Became a worshipper of Warmaster Okawaru
  6742 | D:7      | Found Peci's Tremendous Tomes.
  6881 | D:7      | Found a flagged portal.
  7013 | D:7      | Found a shadowy altar of Dithmenos.
  7252 | D:7      | Found a shimmering blue altar of Sif Muna.
  7253 | D:7      | Found a sacrificial altar of Ru.
  7255 | D:7      | Found an ancient bone altar of Kikubaaqudgha.
  7255 | D:7      | Found a shimmering altar of Xom.
  7302 | D:7      | Reached skill level 10 in Axes
  7391 | D:8      | Noticed Pikel
  7414 | D:8      | Killed Pikel
  7546 | D:8      | You are sucked into a shaft and drop 1 floor!
  7596 | D:9      | Found a stormy altar of Qazlal.
  7628 | D:9      | Noticed a salamander
  7639 | D:9      | a salamander changed into a raiju
  7646 | D:10     | Entered Level 10 of the Dungeon
  7738 | D:9      | Reached * piety under Okawaru
  7890 | D:9      | Noticed a two-headed ogre
  7898 | D:9      | Killed a two-headed ogre
  7899 | D:9      | Reached XP level 10. HP: 36/90 MP: 9/9
  8191 | D:8      | Noticed Joseph
  8192 | D:8      | Noticed Maggie
  8210 | D:8      | HP: 1/90 [Maggie/bolt of fire (19)]
  8214 | D:8      | Killed Joseph
  8214 | D:8      | Reached ** piety under Okawaru
  8215 | D:8      | Killed Maggie
  9137 | D:9      | Found the macabre finger necklace {rN+}
  9148 | D:9      | Noticed a soul eater
  9156 | D:9      | Reached *** piety under Okawaru
  9291 | D:9      | Reached skill level 1 in Throwing
  9297 | D:9      | Noticed an entropy weaver
  9446 | D:9      | Reached skill level 1 in Invocations
  9496 | D:9      | Found a hide-covered altar of Uskayaw.
  9509 | D:9      | Noticed Maurice
  9524 | D:9      | Killed Maurice
  9621 | D:9      | Noticed a satyr
  9644 | D:9      | Noticed a minotaur
  9644 | D:9      | a satyr changed into a minotaur
  9659 | D:9      | Killed a minotaur
  9972 | D:10     | Reached XP level 11. HP: 85/99 MP: 11/11
 10210 | D:10     | Found a staircase to the Orcish Mines.
 10592 | D:10     | Reached **** piety under Okawaru
 10749 | D:10     | Identified the +4 arbalest of Cataclysm {flame, Will+ rCorr
                  | Str+2 SInv}
 10753 | D:10     | Noticed a catoblepas
 10770 | D:10     | Killed a catoblepas
 10771 | D:10     | Reached skill level 10 in Fighting
 10771 | D:10     | Reached skill level 10 in Armour
 10771 | D:10     | Reached skill level 10 in Shields
 11165 | D:10     | Found an ornate altar of the Wu Jian Council.
 11742 | D:11     | Received a gift from Okawaru
 11965 | D:11     | Noticed a two-headed ogre
 12008 | D:11     | Killed a two-headed ogre
 12442 | D:11     | Found a staircase to the Lair.
 12464 | D:11     | Reached ***** piety under Okawaru
 12863 | D:12     | Noticed a two-headed ogre
 12880 | D:12     | Killed a two-headed ogre
 12885 | D:12     | Noticed a tengu warrior
 12903 | D:12     | Killed a tengu warrior
 13513 | D:12     | Noticed a deep elf pyromancer
 13521 | D:12     | Noticed a four-headed hydra
 13537 | D:12     | Killed a four-headed hydra
 13538 | D:12     | Reached XP level 12. HP: 23/108 MP: 12/14
 14133 | D:12     | Identified the +1 robe "Walu" {Will++ rCorr}
 14577 | D:12     | Identified the +5 war axe "Lacw" {vorpal, Dex+6}
 14663 | D:12     | Noticed a boulder beetle
 14682 | D:12     | Killed a boulder beetle
 14682 | D:12     | Identified the +10 crystal plate armour of the Transmuting
                  | Gods {rC+ Str+2} (Okawaru gifted it to you on level 12 of
                  | the Dungeon)
 14682 | D:12     | Received a gift from Okawaru
 15676 | D:13     | Noticed a tengu warrior
 15704 | D:14     | Killed a tengu warrior
 15705 | D:14     | Reached skill level 5 in Invocations
 15725 | D:13     | Noticed a six-headed hydra
 15737 | D:13     | Killed a six-headed hydra
 15738 | D:13     | Reached skill level 5 in Throwing
 15897 | D:13     | Found a portal to a secret trove of treasure.
 15932 | D:13     | Noticed Jorgrun
 15979 | D:14     | Killed Jorgrun
 16042 | D:13     | Reached skill level 15 in Axes
 16113 | D:13     | Noticed a centaur warrior
 16138 | D:13     | Killed a centaur warrior
 16197 | D:13     | Noticed a centaur warrior
 16201 | D:13     | Noticed Frank's ghost (journeyman DgFi)
 16204 | D:13     | Found a runed translucent gate.
 16204 | D:13     | Found a runed translucent gate.
 16204 | D:13     | Found a runed translucent gate.
 16204 | D:13     | Noticed a frost giant
 16210 | D:13     | Noticed a vault guard
 16210 | D:13     | Noticed a vault guard
 16210 | D:13     | Noticed a vault guard
 16211 | D:13     | Found a gate to the Vaults.
 16211 | D:13     | Noticed a vault guard
 16211 | D:13     | Noticed a vault guard
 16211 | D:13     | Noticed a vault guard
 16211 | D:13     | Noticed a vault guard
 16212 | D:13     | Noticed a vault guard
 16230 | D:13     | Killed a vault guard
 16246 | D:13     | Killed a vault guard
 16264 | D:13     | Killed a vault guard
 16672 | D:13     | Killed a vault guard
 16870 | D:13     | Killed a vault guard
 16878 | D:13     | Killed a vault guard
 16879 | D:13     | Reached XP level 13. HP: 108/117 MP: 16/16
 16937 | D:13     | Noticed Lodul
 16957 | D:13     | Identified the +1 chain mail "Volacra" {rC+ rN+ Regen+
                  | Dex-4} (Okawaru gifted it to you on level 13 of the
                  | Dungeon)
 16957 | D:13     | Received a gift from Okawaru
 16959 | D:13     | Killed Lodul
 18014 | D:4      | Bought the ring of Conflict {rElec rPois rC+ Will+ Int-3}
                  | for 443 gold pieces
 18052 | D:4      | Bought a scroll of brand weapon for 133 gold pieces
 18226 | Lair:1   | Entered Level 1 of the Lair of Beasts
 18941 | Lair:1   | You fall into a shaft and drop 1 floor!
 20118 | Lair:2   | Identified the +1 chain mail of Fashionability {rC+++ Int-4
                  | Dex-4 Stlth+}
 20214 | Lair:3   | Noticed Kirke
 20229 | Lair:3   | Reached ****** piety under Okawaru
 20363 | Lair:2   | Killed Kirke
 20367 | Lair:2   | Identified the +2 pair of boots "Ziesar" {rF+ rC+ rN+
                  | Str+2} (Okawaru gifted it to you on level 2 of the Lair of
                  | Beasts)
 20367 | Lair:2   | Received a gift from Okawaru
 20660 | Lair:3   | Found a staircase to the Swamp.
 20972 | Lair:3   | Found a hole to the Spider Nest.
 21738 | Lair:4   | Found a runed translucent door.
 21750 | Lair:4   | Noticed Firos's ghost (journeyman DECj)
 21988 | Lair:4   | Found a staircase to the Slime Pits.
 21990 | Lair:4   | Found a viscous altar of Jiyva.
 22045 | Lair:4   | Found a snail-covered altar of Cheibriados.
 22279 | Lair:4   | Killed Firos's ghost
 22280 | Lair:4   | Reached XP level 14. HP: 127/127 MP: 10/18
 22288 | Lair:4   | Identified the +7 sling of Hoggipla {vorpal, rN+ Dex+3
                  | SInv}
 22353 | Lair:5   | Entered Level 5 of the Lair of Beasts
 23089 | Lair:5   | Received a gift from Okawaru
 23930 | Lair:5   | Identified the +1 pair of gloves of Modesty {Harm Regen+
                  | Str-5} (Okawaru gifted it to you on level 5 of the Lair of
                  | Beasts)
 23930 | Lair:5   | Received a gift from Okawaru
 24179 | Lair:5   | Found a corrupted altar of Lugonu.
 24179 | Lair:5   | Found a one-way gate to the infinite horrors of the Abyss.
 24945 | Orc:1    | Entered Level 1 of the Orcish Mines
 25061 | Orc:1    | Noticed Nergalle
 25074 | Orc:1    | You fall into a shaft and drop 1 floor!
 25074 | Orc:2    | Entered Level 2 of the Orcish Mines
 25148 | Orc:2    | Found Zej Zops's Magic Scroll Shop.
 25155 | Orc:2    | Found a staircase to the Elven Halls.
 25359 | Orc:1    | Found Kinlaodo's Antique Weapon Boutique.
 25509 | Orc:1    | Killed Nergalle
 26159 | Orc:2    | Found Zocvoit's Book Boutique.
 26181 | Orc:2    | Found Boeb Ned's Assorted Antiques.
 26189 | Orc:2    | Bought a scroll labelled QUROOSHRUVEU for 21 gold pieces
 26189 | Orc:2    | Bought a scroll of identify for 42 gold pieces
 26235 | Orc:2    | Reached XP level 15. HP: 136/136 MP: 20/20
 26420 | Orc:2    | Found Bocko's Book Emporium.
 26439 | Orc:2    | Noticed an orc warlord
 26451 | Orc:2    | Killed an orc warlord
 26457 | Orc:2    | Found Fiossyj's Antique Armour Shop.
 26532 | Orc:2    | Found Gelunoli's General Store.
 26542 | Orc:2    | Bought 2 potions of heal wounds for 130 gold pieces
 26632 | Orc:2    | Found Kace's Distillery.
 26644 | Orc:2    | Bought 2 potions of curing for 96 gold pieces
 26644 | Orc:2    | Bought a potion of heal wounds for 80 gold pieces
 26695 | Orc:2    | Received a gift from Okawaru
 26730 | Orc:2    | Found Cephunni's Assorted Antiques.
 26739 | Orc:2    | Bought a potion of curing for 105 gold pieces
 26739 | Orc:2    | Bought a scroll labelled VEOSECOGIQ for 35 gold pieces
 26943 | Orc:2    | Found Fiesalu's Magic Scroll Emporium.
 26946 | Orc:2    | Bought a scroll of identify for 26 gold pieces
 26946 | Orc:2    | Bought a scroll of identify for 26 gold pieces
 26947 | Orc:2    | Identified a scroll of acquirement
 26951 | Orc:2    | Acquired the +6 tower shield of Ozualeb {rPois rN+}
 27007 | Orc:2    | Bought a scroll of identify for 22 gold pieces
 27294 | Orc:2    | Bought a brown potion for 31 gold pieces
 27330 | Orc:2    | Bought a scroll of identify for 22 gold pieces
 27751 | Spider:1 | Entered Level 1 of the Spider Nest
 28657 | Spider:1 | Identified the +0 chain mail of Dithmenos {Str+2}
 28717 | Spider:1 | Received a gift from Okawaru
 29418 | Spider:2 | Noticed Arachne
 29491 | Spider:2 | Killed Arachne
 29564 | Spider:2 | Identified Roxanne's Catalogue of the Spider
 29564 | Spider:2 | Noticed Roxanne
 29591 | Spider:2 | Received a gift from Okawaru
 29609 | Spider:2 | Noticed Aizul
 29759 | Spider:1 | Killed Aizul
 29907 | Spider:2 | Killed Roxanne
 30148 | Spider:2 | Noticed an emperor scorpion
 30161 | Spider:2 | Killed an emperor scorpion
 30162 | Spider:2 | Reached XP level 16. HP: 140/147 MP: 20/22
 30171 | Spider:2 | Identified the +1 animal skin "Samur" {+Inv rElec} (Okawaru
                  | gifted it to you on level 2 of the Spider Nest)
 30171 | Spider:2 | Received a gift from Okawaru
 30887 | Spider:4 | Entered Level 4 of the Spider Nest
 30902 | Spider:3 | Reached skill level 10 in Invocations
 30909 | Spider:3 | Reached skill level 10 in Throwing
 31042 | Spider:4 | Found the +8 lance "Wyrmbane" {slay drac, rPois rF+ rC+
                  | AC+3}
 31103 | Spider:4 | Reached skill level 15 in Shields
 31109 | Spider:4 | Reached skill level 15 in Fighting
 31135 | Spider:4 | Reached skill level 15 in Armour
 31185 | Spider:4 | Identified the +1 robe "Dikes" {rElec Int+6} (Okawaru
                  | gifted it to you on level 4 of the Spider Nest)
 31185 | Spider:4 | Received a gift from Okawaru
 31745 | Spider:4 | Identified the +8 dagger of Amortisation {vorpal, rN+
                  | Dex+5}
 31777 | Spider:4 | Got a gossamer rune of Zot
 32703 | Swamp:1  | Entered Level 1 of the Swamp
 32703 | Swamp:1  | Noticed Louise
 32719 | Swamp:1  | Killed Louise
 32719 | Swamp:1  | Identified the -1 cloak of the Distant Future {Rampage rF++
                  | Will- rCorr} (Okawaru gifted it to you on level 1 of the
                  | Swamp)
 32719 | Swamp:1  | Received a gift from Okawaru
 32720 | Swamp:1  | Reached skill level 1 in Evocations
 32722 | Swamp:1  | Reached XP level 17. HP: 99/158 MP: 16/23
 34084 | Swamp:2  | You fall into a shaft and drop 1 floor!
 34156 | Swamp:3  | Found the +9 staff of Wucad Mu {*channel}
 34929 | Swamp:4  | Entered Level 4 of the Swamp
 35005 | Swamp:2  | Found a glowing golden altar of the Shining One.
 36377 | Swamp:4  | Identified the +7 war axe of Autumn {vorpal, *Rage rCorr
                  | Int+6 Stlth+} (Okawaru gifted it to you on level 4 of the
                  | Swamp)
 36377 | Swamp:4  | Received a gift from Okawaru
 36385 | Swamp:4  | Noticed the 27-headed Lernaean hydra
 37082 | Swamp:4  | Got a decaying rune of Zot
 37184 | Swamp:4  | HP: 7/161 [the 26-headed Lernaean hydra (6)]
 37186 | Swamp:4  | Killed the 27-headed Lernaean hydra
 37269 | Swamp:4  | Reached skill level 5 in Evocations
 38005 | Vaults:1 | Entered Level 1 of the Vaults
 38074 | Vaults:1 | Received a gift from Okawaru
 38456 | Vaults:1 | Identified the +1 hat of Incorporation {rPois Str+5 SInv}
                  | (Okawaru gifted it to you on level 1 of the Vaults)
 38456 | Vaults:1 | Received a gift from Okawaru
 38952 | Vaults:1 | Reached XP level 18. HP: 167/170 MP: 24/24
 40394 | Vaults:2 | Received a gift from Okawaru
 40468 | Vaults:2 | Received a gift from Okawaru
 40590 | Vaults:2 | Received a gift from Okawaru
 41112 | Vaults:2 | Identified the +2 chain mail of Untold Secrets {rElec}
                  | (Okawaru gifted it to you on level 2 of the Vaults)
 41112 | Vaults:2 | Received a gift from Okawaru
 42087 | Vaults:2 | Found a staircase to the Crypt.
 42152 | Vaults:2 | Reached XP level 19. HP: 181/181 MP: 25/25
 42463 | Vaults:3 | Received a gift from Okawaru
 42594 | Vaults:3 | Identified the +0 cloak "Diss" {rPois} (Okawaru gifted it
                  | to you on level 3 of the Vaults)
 42594 | Vaults:3 | Received a gift from Okawaru
 42720 | Vaults:3 | Found a flickering gateway to a bazaar.
 42742 | Bazaar   | Entered a bazaar
 42774 | Bazaar   | Found Vufotios's Armour Emporium.
 42785 | Bazaar   | Found Nacse's Jewellery Emporium.
 42837 | Bazaar   | Found Agapnauwn's Distillery.
 42843 | Bazaar   | Bought a potion of heal wounds for 60 gold pieces
 42843 | Bazaar   | Bought 2 potions of haste for 240 gold pieces
 42843 | Bazaar   | Bought a potion of might for 48 gold pieces
 42843 | Bazaar   | Bought a potion of curing for 36 gold pieces
 42843 | Bazaar   | Bought a potion of heal wounds for 60 gold pieces
 42843 | Bazaar   | Bought a potion of curing for 36 gold pieces
 42843 | Bazaar   | Bought a potion of curing for 36 gold pieces
 42843 | Bazaar   | Bought a potion of curing for 36 gold pieces
 42843 | Bazaar   | Bought a potion of curing for 36 gold pieces
 42866 | Bazaar   | Found Bomaupt's Armour Emporium.
 42925 | Bazaar   | Found Enwir's Magic Scroll Shoppe.
 42939 | Bazaar   | Bought a +2 cloak of preservation for 236 gold pieces
 42958 | Bazaar   | Bought an amulet of regeneration for 240 gold pieces
 42967 | Bazaar   | Bought a ring of flight for 140 gold pieces
 43560 | Vaults:3 | Noticed Asterion
 43569 | Vaults:3 | Killed Asterion
 45003 | Vaults:4 | Identified the +0 pair of gloves "Wuco" {-Cast Will+++
                  | Slay+4} (Okawaru gifted it to you on level 4 of the Vaults)
 45003 | Vaults:4 | Received a gift from Okawaru
 45034 | Vaults:4 | Reached skill level 10 in Evocations
 45057 | Vaults:4 | Reached XP level 20. HP: 43/193 MP: 24/26
 46134 | Vaults:5 | Entered Level 5 of the Vaults
 46393 | Vaults:5 | Got a silver rune of Zot
 46397 | Vaults:5 | Got the Enchiridion on Coordinates and Shapes
 46583 | Vaults:5 | Received a gift from Okawaru
 46605 | Vaults:5 | Noticed a golden dragon
 46617 | Vaults:5 | Killed a golden dragon
 46651 | Vaults:5 | Identified the ring of Zutt {Fire rPois}
 46656 | Vaults:5 | Identified the +11 great sword "Koolixom" {vorpal, Drain
                  | rElec Int+2}
 46672 | Vaults:5 | Identified the ring "Beegish" {rPois Will+ rCorr Int-4}
 46695 | Vaults:5 | Noticed an ancient lich
 46703 | Vaults:5 | Identified the +3 plate armour of the Arena {Int+6}
                  | (Okawaru gifted it to you on level 5 of the Vaults)
 46703 | Vaults:5 | Received a gift from Okawaru
 46729 | Vaults:5 | Killed an ancient lich
 46802 | Vaults:5 | Reached XP level 21. HP: 84/204 MP: 27/27
 46812 | Vaults:5 | Noticed an ancient lich
 46822 | Vaults:5 | Killed an ancient lich
 47051 | Vaults:5 | Found Nesmyav's Weapon Shoppe.
 47107 | Vaults:5 | Identified the ring of Kacsariel {rF+ Will+++ rCorr Int-2
                  | Dex+3}
 47527 | Vaults:5 | Found the +9 scales of the Dragon King {rPois rF+ rC+
                  | Will+}
 47552 | Vaults:5 | Identified the +4 dire flail "Killer Klown's Curse"
                  | {antimagic, Will+}
 47659 | Vaults:5 | Identified the +10 long sword of Patsaup {drain, rPois
                  | rCorr Str+2 Dex+4}
 47664 | Vaults:5 | Identified the +6 quarterstaff "Tormentor" {vorpal, rF+}
 48374 | Orc:2    | Bought 3 scrolls of brand weapon for 598 gold pieces
 48692 | Orc:2    | Bought a scroll of fear for 140 gold pieces
 48711 | Orc:2    | Bought a scroll of teleportation for 39 gold pieces
 48711 | Orc:2    | Bought a scroll of teleportation for 39 gold pieces
 48766 | Orc:2    | Bought a potion of cancellation for 128 gold pieces
 48766 | Orc:2    | Bought a potion of resistance for 160 gold pieces
 48766 | Orc:2    | Bought a potion of berserk rage for 80 gold pieces
 48766 | Orc:2    | Bought a potion of haste for 160 gold pieces
 48784 | Orc:2    | Bought a scroll of teleportation for 39 gold pieces
 49254 | D:13     | Killed Frank's ghost
 49421 | D:14     | Lost intelligence.
 50062 | D:14     | Identified the +2 great sword "Demonslayer" {drain, Dex+3}
                  | (Okawaru gifted it to you on level 14 of the Dungeon)
 50062 | D:14     | Received a gift from Okawaru
 50666 | D:15     | Entered Level 15 of the Dungeon
 50743 | D:15     | Noticed Azrael
 50756 | D:15     | Killed Azrael
 50826 | D:15     | Found a white marble altar of Elyvilon.
 51045 | D:15     | Found a staircase to the Depths.
 51070 | D:15     | Found a frozen archway.
 51079 | IceCv    | Entered an ice cave
 51299 | IceCv    | Noticed a shard shrike
 51313 | IceCv    | Killed a shard shrike
 51515 | IceCv    | Received a gift from Okawaru
 52002 | D:4      | Bought a scroll of poison for 56 gold pieces
 52002 | D:4      | Bought a scroll of magic mapping for 105 gold pieces
 52255 | Depths:1 | Entered Level 1 of the Depths
 52687 | Depths:1 | Found a gateway to Hell.
 52691 | Depths:1 | Lost intelligence.
 52699 | Depths:1 | Received a gift from Okawaru
 52856 | Depths:1 | Found a shimmering altar of Xom.
 53033 | Depths:2 | Identified the +1 chain mail "Refily" {Harm rF+} (Okawaru
                  | gifted it to you on level 2 of the Depths)
 53033 | Depths:2 | Received a gift from Okawaru
 53108 | Depths:1 | Reached XP level 22. HP: 203/217 MP: 28/28
 53382 | Depths:2 | Found a transporter.
 53385 | Depths:2 | Found a transporter.
 53503 | Depths:2 | Found Hiutut's Magic Scroll Boutique.
 53504 | Depths:2 | Found a one-way gate leading to the halls of Pandemonium.
 53689 | Depths:2 | Noticed a golden dragon
 53689 | Depths:2 | an iron dragon changed into a golden dragon
 53692 | Depths:2 | a golden dragon changed into an iron giant
 53962 | Depths:2 | Noticed a shard shrike
 53962 | Depths:2 | a rockslime changed into a shard shrike
 53964 | Depths:2 | a shard shrike changed into a titan
 53970 | Depths:2 | Noticed a shard shrike
 53970 | Depths:2 | a titan changed into a shard shrike
 53972 | Depths:2 | a shard shrike changed into a titan
 53975 | Depths:2 | Noticed a shard shrike
 53975 | Depths:2 | a rockslime changed into a shard shrike
 53977 | Depths:2 | a shard shrike changed into a titan
 53978 | Depths:2 | Noticed a shard shrike
 53978 | Depths:2 | a titan changed into a shard shrike
 53979 | Depths:2 | a shard shrike changed into a rockslime
 53984 | Depths:2 | Noticed a juggernaut
 53984 | Depths:2 | a rockslime changed into a juggernaut
 54002 | Depths:2 | Killed a juggernaut
 54086 | Depths:3 | Found a runed translucent door.
 54086 | Depths:3 | Found a runed translucent door.
 54090 | Depths:3 | Found the +8 longbow "Zephyr" {speed, Dex+3 SInv}
 54127 | Depths:3 | Found a runed translucent door.
 54127 | Depths:3 | Found a runed translucent door.
 54271 | Depths:3 | Identified the amulet "Gorosoch" {rN+ Will+ Regen+ MP-9}
 54309 | Depths:3 | Got the Tome of Unstable Generation
 55406 | Depths:3 | Identified the +1 pair of boots of Tecoatsehuo {rN+ rCorr}
                  | (Okawaru gifted it to you on level 3 of the Depths)
 55406 | Depths:3 | Received a gift from Okawaru
 55791 | Depths:3 | Found a runed translucent gate.
 55791 | Depths:3 | Found a runed translucent gate.
 55792 | Depths:3 | Found a runed translucent gate.
 55796 | Depths:3 | Noticed Imio's ghost (adept DgCj)
 55975 | Depths:3 | Killed Imio's ghost
 55997 | Depths:3 | Got Woukh's Foundations of Theurgy
 56060 | Depths:4 | Entered Level 4 of the Depths
 56072 | Depths:4 | Found Donycs's Magic Scroll Shoppe.
 56072 | Depths:4 | Found Vipumi's Weapon Emporium.
 56120 | Depths:4 | Bought a scroll of silence for 190 gold pieces
 56120 | Depths:4 | Bought a scroll of blinking for 150 gold pieces
 56126 | Depths:4 | Found a flickering gateway to a bazaar.
 56171 | Depths:4 | Noticed a juggernaut
 56190 | Depths:4 | Killed a juggernaut
 56253 | Bazaar   | Entered a bazaar
 56253 | Bazaar   | Found Ethrihiam's Book Shoppe.
 56253 | Bazaar   | Found Xufub's Armour Shoppe.
 56253 | Bazaar   | Found Curr's Assorted Antiques.
 56255 | Bazaar   | Found Meurre Letz's Armour Emporium.
 56600 | Depths:4 | Identified the +7 war axe "Ollap" {vorpal, rC+ Stlth+}
                  | (Okawaru gifted it to you on level 4 of the Depths)
 56600 | Depths:4 | Received a gift from Okawaru
 56637 | Depths:4 | Found a gate to the Realm of Zot.
 56708 | Depths:4 | Identified the +1 scale mail of the Reasonable God {Int+4}
 56801 | Depths:4 | Found a one-way gateway to a ziggurat.
 56995 | Zot:1    | Entered Level 1 of the Realm of Zot
 57033 | Zot:1    | Reached XP level 23. HP: 172/227 MP: 20/29
 57268 | Zot:1    | Found the +8 trishula "Condemnation" {holy, anguish, *Noise
                  | Fly rN+}
 57416 | Zot:1    | Identified the ring of the Serpent {Ice Dex+3 Stlth+}
 58032 | Zot:2    | Identified the +9 hand axe "Killer Bee's Bane" {speed,
                  | rElec rN+ rCorr Str-5} (Okawaru gifted it to you on level 2
                  | of the Realm of Zot)
 58032 | Zot:2    | Received a gift from Okawaru
 58176 | Zot:2    | Noticed a Killer Klown
 58186 | Zot:2    | Lost intelligence.
 58201 | Zot:2    | Killed a Killer Klown
 58528 | Zot:2    | Identified the +9 dagger of the Spider {protect, rCorr
                  | Str+3 Dex+3 Stlth-}
 58976 | Zot:3    | Noticed an orb of fire
 58986 | Zot:3    | Noticed a curse toe
 58987 | Zot:3    | Gained mutation: Potions are less effective at restoring
                  | your health. [an orb of fire]
 58989 | Zot:3    | Gained mutation: You are clumsy. (Dex -2) [an orb of fire]
 58997 | Zot:3    | Gained mutation: Your body sometimes deteriorates upon
                  | taking damage. [an orb of fire]
 59004 | Zot:3    | Gained mutation: Your magical capacity is low. (-10% MP)
                  | [an orb of fire]
 59008 | Zot:3    | Killed an orb of fire
 59160 | Zot:3    | Killed a curse toe
 59160 | Zot:3    | Received a gift from Okawaru
 59255 | Zot:3    | Noticed a curse toe
 59276 | Zot:3    | Killed a curse toe
 59391 | Zot:3    | Identified the +8 shortbow of Vemur {flame, rPois rF+
                  | Will+}
 60094 | Zot:4    | Received a gift from Okawaru
 60094 | Zot:4    | Noticed a Killer Klown
 60134 | Zot:4    | Killed a Killer Klown
 60361 | Zot:4    | Received a gift from Okawaru
 60584 | Zot:4    | Noticed a curse toe
 60604 | Zot:4    | Reached XP level 24. HP: 90/240 MP: 17/26
 60604 | Zot:4    | Identified the +1 pair of boots of the Ace of Swords {Str+3
                  | Dex+4} (Okawaru gifted it to you on level 4 of the Realm of
                  | Zot)
 60604 | Zot:4    | Received a gift from Okawaru
 61238 | Zot:5    | Entered Level 5 of the Realm of Zot
 61580 | Zot:5    | Noticed an ancient lich
 61581 | Zot:5    | Noticed an ancient lich
 61594 | Zot:5    | Noticed a Killer Klown
 61601 | Zot:5    | Killed an ancient lich
 61610 | Zot:5    | Killed an ancient lich
 61626 | Zot:5    | Noticed a Killer Klown
 61632 | Zot:5    | Killed a Killer Klown
 61640 | Zot:5    | Killed a Killer Klown
 61662 | Zot:5    | HP: 5/242 [electric golem/bolt of lightning (8)]
 61933 | Zot:5    | Noticed an orb of fire
 61946 | Zot:5    | Gained mutation: Your body often deteriorates upon taking
                  | damage. [an orb of fire]
 61950 | Zot:5    | Noticed a Killer Klown
 61958 | Zot:5    | Lost intelligence.
 61958 | Zot:5    | Gained mutation: You occasionally lose the ability to drink
                  | potions when taking damage. [an orb of fire]
 61961 | Zot:5    | Gained mutation: You sometimes lose your temper in combat.
                  | [an orb of fire]
 61964 | Zot:5    | Killed a Killer Klown
 61964 | Zot:5    | Identified the +0 ring mail of the Evening Star {Dex+4}
                  | (Okawaru gifted it to you on level 5 of the Realm of Zot)
 61964 | Zot:5    | Received a gift from Okawaru
 61968 | Zot:5    | Gained mutation: You are frail. (-10% HP) [an orb of fire]
 61974 | Zot:5    | Killed an orb of fire
 62265 | Zot:5    | Noticed an orb of fire
 62266 | Zot:5    | Noticed an orb of fire
 62269 | Zot:5    | Lost intelligence.
 62270 | Zot:5    | Gained mutation: Your spells are a little easier to cast,
                  | but a little less powerful. [an orb of fire]
 62281 | Zot:5    | Noticed an orb of fire
 62281 | Zot:5    | Gained mutation: Potions cannot restore your health. [an
                  | orb of fire]
 62283 | Zot:5    | Noticed an ancient lich
 62286 | Zot:5    | Gained mutation: You have an uncontrollable temper. [an orb
                  | of fire]
 62287 | Zot:5    | Noticed a dread lich
 62293 | Zot:5    | Noticed an orb of fire
 62293 | Zot:5    | Noticed an orb of fire
 62295 | Zot:5    | Killed an orb of fire
 62298 | Zot:5    | Noticed an ancient lich
 62299 | Zot:5    | Noticed a Killer Klown
 62303 | Zot:5    | Noticed an orb of fire
 62304 | Zot:5    | Killed an ancient lich
 62308 | Zot:5    | Gained mutation: Your magical capacity is very low. (-20%
                  | MP) [an orb of fire]
 62311 | Zot:5    | Gained mutation: Your magical capacity is extremely low.
                  | (-30% MP) [an orb of fire]
 62313 | Zot:5    | Killed from afar by an orb of fire

Illustrated notes

Levels and vault maps discovered:
D:1:      matt_arrival_los_fun, layout_basic, chequers_serial_rivers_micro_a,
          minmay_shallow_snake_nest
D:2:      layout_loops_ring
D:3:      layout_rooms, old_standard_altar, hellmonk_ghost_happy_afterlife
D:4:      layout_rooms, lemuel_round_altar, fedhas_ov_isle_minmay, serial_shops,
          nicolae_diamond_shop, nicolae_shop_statue_plus, kennysheep_little_box,
          chequers_serial_rivers_micro_c, uniq_menkaure, uniq_sigmund,
          uniq_natasha, uniq_blork_the_orc, uniq_ijyb
D:5:      layout_rooms, lightli_temple_of_fire, cheibrodos_sewer_entry_sluice,
          patterned_corridor
D:6:      layout_layer_cave, lemuel_crystal_altar, uniq_edmund
D:7:      layout_basic, grunt_dithmenos_smoke, mainiacjoe_overflow_alcove_3,
          minmay_temple_entry_glass, enter_bailey_8,
          nicolae_shop_i_like_big_books
D:8:      layout_rooms, minmay_misc_feat_enclosed, uniq_joseph, uniq_maggie,
          uniq_pikel
D:9:      layout_roguey, mainiacjoe_overflow_surrounded_room,
          mainiacjoe_overflow_brackets, minmay_diamond_spiral, uniq_maurice
D:10:     layout_rooms, pdpol_wu_jian_five_deadly_venoms, zombieorc2_lemuel,
          minmay_microvault
D:11:     layout_long_grid, david_lair_generic
D:12:     nzn_winding_woodlands_small
          [nzn_winding_woodlands_5x15_pathside_ponds,
          nzn_winding_woodlands_center_triple_pond,
          nzn_winding_woodlands_5x15_river_crossing], layout_basic
D:13:     layout_stronghold, erik_vaults_2, enter_trove_6,
          gammafunk_ghost_split, uniq_lodul, uniq_jorgrun
D:14:     minmay_bad_star, layout_irregular_city, nicolae_titane
D:15:     grunt_enter_depths_magical_seal, layout_rooms,
          portal_ice_cave_entry_ice_statue_one, small_statue_intersection,
          nicolae_elyvilon_peaceful_grove, uniq_azrael
Temple:   nicolae_temple_bog_church
Lair:1:   layout_hall_layers, grunt_megastairs_2
Lair:2:   layout_regular_city, gammafunk_lair_bear_cave
Lair:3:   layout_loops_ring, swamp_mist, nicolae_spider_entry_orb_guardian,
          uniq_kirke
Lair:4:   layout_cave_shapes, slime_entry_1, basic_altar,
          ebering_ghost_reflecting_pool, serial_bayou_lagoon_a,
          grunt_megastairs_4
Lair:5:   hellmonk_lair_end_abyssal_woods, layout_long_grid,
          serial_bayou_shore_a, infiniplex_staircase_pool, lemuel_fruit_fields,
          lemuel_fruit_tree
Swamp:1:  layout_basic_swamp, serial_swamp_ruin, evilmike_swamp_ruin_house_3,
          evilmike_swamp_ruin_house_1, uniq_louise
Swamp:2:  layout_basic_swamp, nicolae_swamp_godswood
Swamp:3:  layout_basic_swamp, nicolae_swamp_bean_lake, swamp_pool2
Swamp:4:  swamp_old_school, layout_basic_swamp, nicolae_swamp_drake_lake
Spider:1: layout_chambers, nicolae_spider_jagged_tunnels
Spider:2: layout_spider_delve, uniq_arachne, uniq_aizul, uniq_roxanne
Spider:3: layout_spider_delve
Spider:4: hellmonk_spider_rune_endless_swarm, nicolae_spider_bzzzt
Orc:1:    layout_caves, serial_shops, nicolae_shop_hallway_stairs,
          roderic_batcave, uniq_nergalle
Orc:2:    hellmonk_orc_salted, layout_caves, serial_shops, shop_statue,
          nicolae_shop_behind_doors, nicolae_shop_advertising_works
          [nicolae_subvault_shop_adworks], shop, nicolae_diamond_shop
Vaults:1: nicolae_vaults_triangles, grunt_vaults_funnel, vaults_dpeg_hooks,
          ontoclasm_vaults_shuriken, ontoclasm_vaults_pinch,
          nicolae_vaults_specimen_jars, v_pattern_2,
          nicolae_vaults_little_squares_6, vaults_dpeg_ring,
          ontoclasm_vaults_chip, layout_vaults_omnigrid
Vaults:2: vaults_dpeg_diagonal, vaults_mumra_minichess, hangedman_vaults_cutoff,
          v_misc_11, ontoclasm_vaults_decontamination,
          grunt_vaults_hallway_short, minmay_crypt_entry_simple_round,
          vaults_room_pool, nicolae_vaults_ring_of_whatevers,
          nicolae_vaults_shelves_hall, vaults_standard_mumra_lines,
          vaults_room_hangedman_quadrants, hangedman_vaults_cutoff,
          layout_vaults_big_room
Vaults:3: ontoclasm_vaults_loading_screen, nicolae_vaults_sealed_display,
          hangedman_vaults_stretched_pinwheel, hangedman_vaults_corner_blocks,
          nicolae_vaults_little_squares_6, vaults_mumra_minichess_inversion,
          grunt_vaults_trifunnel, nicolae_vaults_network_barrier,
          ontoclasm_vaults_ring_large, nicolae_vaults_little_squares_3,
          layout_vaults_omnicross, serial_shops, bzr_in_the_mist, uniq_asterion
Vaults:4: nicolae_vaults_network_quinsquares
          [nicolae_vaults_network_quincunx_subvault,
          nicolae_vaults_network_quincunx_subvault,
          nicolae_vaults_network_quincunx_subvault,
          nicolae_vaults_network_quincunx_subvault], vaults_room_corners,
          v_misc_10, nicolae_vaults_border_crossing, vaults_mumra_chevron_long,
          v_pattern_4, v_rooms_1, vaults_dpeg_doors, v_misc_17, v_misc_23,
          ontoclasm_vaults_fault, grunt_vaults_hallway_long,
          ontoclasm_vaults_idyll, layout_vaults_maze_bifur
Vaults:5
Depths:1: layout_roguey, hangedman_abyss_entry_splay, hell_entry, led_xom_imps,
          firewood_loft
Depths:2: gammafunk_sealed_arena, layout_basic, hangedman_abyss_or_decor_stabs,
          serial_shops, nicolae_take_the_stairs,
          nicolae_abyss_entry_one_way_or_another, grunt_hell_entry_dis_old,
          pan_entry, hangedman_aviary, minmay_staircase_statues,
          serial_bayou_shore_b
Depths:3: impenetrable_vault, layout_twisted_cross, hangedman_geh_valley,
          gammafunk_ghost_necromancy, abyss_entry_glasseish,
          kennysheep_generic_room_14, infiniplex_staircase_star
Depths:4: evilmike_zot_entry_hall, layout_cave_shapes, enter_ziggurat_e,
          hell_entry, serial_shops, bzr_entry_dummy, minivault_11, pan_entry,
          minmay_shoptagon
Zot:1:    layout_basic, bh_zot_ikea_curve, grunt_megastairs_3
Zot:2:    layout_concentric_octagons
Zot:3:    layout_gridville
Zot:4:    layout_gridlike
Zot:5:    layout_onion

Skill      XL: |  1  2  3  4  5  6  7  8  9 10 11 12 13 14 15 16 17 18 19 20 21 22 23 24 |
---------------+-------------------------------------------------------------------------+-----
Axes           | 3 4 5 6 7 9 11 12 14 15 16 18 19 20 21 23 24 | 24.9
Fighting       | 4 5 6 7 8 9 10 11 12 13 14 16 17 18 20 21 22 23 24 25 | 25.3
Armour         | 4 5 6 7 8 9 10 11 12 13 14 16 17 18 19 21 22 23 24 25 | 25.3
Shields        | 4 5 6 7 8 9 10 11 12 13 14 16 17 18 20 21 22 23 24 25 | 25.3
Throwing       | 2 4 5 7 8 9 10 | 10.0
Invocations    | 2 4 5 7 8 9 10 | 10.0
Evocations     | 1 5 8 10 | 10.0

Action                   |  1- 3 |  4- 6 |  7- 9 | 10-12 | 13-15 | 16-18 | 19-21 | 22-24 || total
-------------------------+-------+-------+-------+-------+-------+-------+-------+-------++-------
Melee: War axe           |    77 |   116 |   265 |   556 |  1145 |   389 |       |       ||  2548
       Headbutt          |    11 |    21 |    36 |   178 |   279 |   346 |   339 |   398 ||  1608
       Flail             |       |       |       |    44 |    40 |       |       |       ||    84
       Broad axe         |       |       |       |       |       |   717 |  1118 |   883 ||  2718
       Lance             |       |       |       |       |       |   152 |    46 |   238 ||   436
Throw: Boomerang         |       |       |     3 |       |    12 |     7 |       |     4 ||    26
       Dart              |       |       |       |    39 |    18 |     9 |     2 |     4 ||    72
       Javelin           |       |       |       |       |       |     1 |       |       ||     1
Invok: Heroism           |       |       |       |     7 |    13 |    16 |    17 |     5 ||    58
       Finesse           |       |       |       |     2 |     4 |     7 |     8 |     5 ||    26
Evoke: Wand              |       |       |       |       |       |       |     1 |    12 ||    13
  Use: Scroll            |       |       |     7 |     9 |    16 |    12 |     3 |    11 ||    58
       Potion            |       |       |     1 |     7 |       |     3 |     4 |     5 ||    20
 Stab: Petrified         |       |       |       |       |     1 |       |       |       ||     1
       Confused          |       |       |       |       |       |     1 |       |       ||     1
       Distracted        |       |       |       |       |       |       |     1 |       ||     1
Armor: Scale mail        |    42 |    51 |   124 |   174 |       |       |       |       ||   391
       Crystal plate arm |       |       |       |    97 |   829 |   925 |   494 |   497 ||  2842
Dodge: Dodged            |    41 |    37 |    88 |   262 |   372 |   276 |   173 |   152 ||  1401
Block: Buckler           |    17 |    27 |    55 |   143 |   257 |       |       |       ||   499
       Reflection        |       |       |       |     2 |     5 |       |       |       ||     7
       Tower shield      |       |       |       |       |   385 |  1644 |  1251 |  1103 ||  4383
